 Dungeon Crawl Stone Soup version 0.28.0-49-g6dfe1f597d (webtiles) character file.

Game seed: 16313808715820742531

64 Exodus22XD the Poker (level 3, -4/28 HPs)
             Began as a Demonspawn Gladiator on May 15, 2022.
             Killed from afar by a steam dragon (9 damage)
             ... with a ball of steam
             ... on level 3 of the Dungeon.
             The game lasted 00:01:23 (1911 turns).

Exodus22XD the Poker (Demonspawn Gladiator)         Turns: 1911, Time: 00:01:24

Health: -4/28      AC: 15    Str: 16    XL:     3   Next: 91%
Magic:  3/3        EV: 10    Int:  9    God:
Gold:   83         SH:  0    Dex: 17    Spells: 2/2 levels left

rFire   . . .      SeeInvis .   a - +0 trident
rCold   . . .      Faith    .   (no shield)
rNeg    . . .      Spirit   .   j - +6 scale mail of the Okapi {*Corrode Dex+3}
rPois   .          Reflect  .   c - +0 helmet
rElec   .          Harm     .   i - +0 cloak
rCorr   .          Rampage  .   (no gloves)
Will    .....                   (no boots)
Stlth   ..........              (no amulet)
HPRegen 0.09/turn               (no ring)
MPRegen 0.08/turn               (no ring)

@: no status effects
A: rugged brown scales 1, powered by death 1
a: no special abilities


You were on level 3 of the Dungeon.
You visited 1 branch of the dungeon, and saw 3 of its levels.

You collected 83 gold pieces.

Inventory:

Hand Weapons
 a - a +0 trident (weapon)
Missiles
 d - 4 throwing nets (quivered)
Armour
 c - a +0 helmet (worn)
 h - a +0 scale mail
 i - a +0 cloak (worn)
 j - the +6 scale mail of the Okapi (worn) {*Corrode Dex+3}
   (You found it on level 2 of the Dungeon)

   Dex:       It affects your dexterity (+3).
   *Corrode:  It may corrode you when you take damage.
Scrolls
 b - a scroll of blinking {unknown}
 e - a scroll of brand weapon {unknown}
 l - a scroll of vulnerability {unknown}
 m - a scroll of teleportation {unknown}
 n - 2 scrolls of identify {unknown}
Potions
 f - a potion of haste {unknown}
 g - a potion of curing {unknown}
 k - a potion of lignification {unknown}


   Skills:
 + Level 2.5 Fighting
 + Level 3.6 Polearms
 + Level 1.7 Throwing
 + Level 0.6 Armour
 + Level 3.1 Dodging
 + Level 0.2 Stealth


You had 2 spell levels left.
You didn't know any spells.
Your spell library was empty.

Dungeon Overview and Level Annotations

Branches:
Dungeon (3/15)

Altars:


Innate Abilities, Weirdness & Mutations

You are partially covered in rugged brown scales. (AC +1, +3% HP)
You regenerate a little health from kills.


Message History

The ball of steam hits you.
You hear a shout!
Okay, then.
Okay, then.
You barely miss the steam dragon.
The steam dragon is moderately wounded.
The steam dragon closely misses you.
The steam dragon claws you but does no damage.
You hit the steam dragon.
The steam dragon is moderately wounded.
A hobgoblin comes into view.
The steam dragon bites you. The steam dragon closely misses you.
You barely miss the steam dragon.
The steam dragon is moderately wounded.
The steam dragon bites you but does no damage.
The steam dragon claws you but does no damage.
You hit the steam dragon but do no damage.
The steam dragon is moderately wounded.
The steam dragon breathes steam at you. The ball of steam hits you!
Ouch! That really hurt!
* * * LOW HITPOINT WARNING * * *
There is a stone staircase leading up here.
Okay, then.
Okay, then.
You hit the steam dragon.
The steam dragon is heavily wounded.
The steam dragon breathes steam at you.
The ball of steam hits you but does no damage.
You hit the steam dragon.
The steam dragon is severely wounded.
You are engulfed in a cloud of scalding steam.
The steam dragon bites you but does no damage.
The steam dragon claws you but does no damage.
You hit the steam dragon but do no damage.
The steam dragon is severely wounded.
You are engulfed in a cloud of scalding steam.
The steam dragon breathes steam at you. The ball of steam hits you!
You die...

....§.......###.#
###..§..........#
#...§§..........#.
###.....##.##.....
#.###...........
#.............#
#.###g##.##..#<
#D##.# . #@##.#
#§##g# #§##.#
#.##.# ......
#.##.# ... #.#


You could see a steam dragon (catching breath) and a hobgoblin.

Vanquished Creatures
  Jessica (D:2)
  2 dart slugs (D:2)
  2 endoplasms (D:1)
  2 giant cockroaches
  7 hobgoblins
  5 kobolds
  2 ball pythons
  A bat (D:1)
  6 frilled lizards
  2 goblins
  6 rats (D:1)
36 creatures vanquished.

Notes
Turn   | Place    | Note
-------+----------+-------------------------------------------
     0 | D:1      | Exodus22XD the Demonspawn Gladiator began the quest for the
                  | Orb.
     0 | D:1      | Reached XP level 1. HP: 16/16 MP: 1/1
   241 | D:1      | Gained mutation: You regenerate a little health from kills.
                  | [demonic ancestry]
   241 | D:1      | Reached XP level 2. HP: 3/23 MP: 2/2
  1082 | D:1      | You fall into a shaft and drop 1 floor!
  1083 | D:2      | Noticed Jessica
  1091 | D:2      | Killed Jessica
  1092 | D:2      | Gained mutation: You are partially covered in rugged brown
                  | scales. (AC +1, +3% HP) [demonic ancestry]
  1092 | D:2      | Reached XP level 3. HP: 22/28 MP: 3/3
  1413 | D:2      | Identified the +6 scale mail of the Okapi {*Corrode Dex+3}
  1896 | D:3      | Noticed a steam dragon
  1911 | D:3      | Killed from afar by a steam dragon

Illustrated notes

Levels and vault maps discovered:
D:1:      eino_arrival_cavern_e, layout_basic
D:2:      layout_loops_ring, kennysheep_cross_room, minivault_4, uniq_jessica
D:3:      layout_basic, serial_shops, shop, nicolae_shop_stone, kennysheep_nub,
          minmay_fractal_squares_gapless_5

Skill      XL: |  1  2 |
---------------+-------+-----
Polearms       | 3 |  3.6
Dodging        | 3 |  3.1
Fighting       | |  2.5
Throwing       | |  1.7
Armour         | |  0.6
Stealth        | |  0.2

Action                   || total
-------------------------++-------
Melee: Trident           ||   120
Armor: Leather armour    ||    17
       Scale mail        ||    13
Dodge: Dodged            ||    59
